[Event "Titled Tuesday Blitz June 27 Early 2023"]
[White "Yeritsyan, Hayk"]
[Black "Liu, Xiangyi"]
[WhiteFideId "13307320"]
[BlackFideId "8605718"]
[WhiteElo "2492"]
[BlackElo "2721"]
[Result "0-1"]
[Round "11"]
[TimeControl "180+2"]
[Date "2023.06.27"]
[WhiteClock "0:00:17"]
[BlackClock "0:00:45"]
[Board "53"]

1. d4 b6 2. Nf3 Bb7 3. Bf4 f5 4. e3 Nf6 5. h3 e6 6. c3 d6 7. Be2 Nbd7 8. O-O Qe7 9. Bh2 g5 10. Nxg5 Rg8 11. Bf3 c6 12. Bh5+ Kd8 13. Nf7+ Kc7 14. Bxd6+ Qxd6 15. Nxd6 Bxd6 16. Bf3 e5 17. Nd2 e4 18. Be2 Rg6 19. f4 Nd5 20. Nc4 Be7 21. Qd2 Rag8 22. g4 fxg4 23. hxg4 b5 24. Ne5 Nxe5 25. f5 Rxg4+ 26. Bxg4 Rxg4+ 27. Kh2 Nf3+ 28. Rxf3 exf3 29. e4 Rxe4 30. Re1 Bd6+ 31. Kh3 Nf4+ 32. Kg4 f2 33. Rf1 c5 34. dxc5 Ng6+ 35. Kg5 Bf4+ 36. Qxf4+ Nxf4 37. f6 Bd5 38. Kf5 Nd3 39. f7 Rf4+ 0-1


[Site "https://www.chess.com"]

[Event "Titled Tuesday Blitz June 27 Early 2023"]
[White "Quintiliano Pinto, Renato R."]
[Black "Belov, Alexei"]
[WhiteFideId "2117568"]
[BlackFideId "4128206"]
[WhiteElo "2704"]
[BlackElo "2545"]
[Result "1-0"]
[Round "11"]
[TimeControl "180+2"]
[Date "2023.06.27"]
[WhiteClock "0:00:11"]
[BlackClock "0:00:07"]
[Board "54"]

1. d4 e6 2. Nf3 d5 3. c4 Nf6 4. Bg5 Be7 5. e3 Nbd7 6. Nc3 O-O 7. cxd5 exd5 8. Bd3 c6 9. Qc2 Re8 10. O-O Nf8 11. Rab1 a5 12. Ne5 Ng4 13. Bxe7 Qxe7 14. Nf3 Nf6 15. a3 Ne4 16. Bxe4 dxe4 17. Nd2 f5 18. b4 axb4 19. axb4 Be6 20. b5 Ra3 21. bxc6 bxc6 22. Ne2 Ra2 23. Rb2 Rea8 24. Nc3 Rxb2 25. Qxb2 Qa3 26. Qc2 Nd7 27. Rc1 Nf6 28. Ncb1 Qe7 29. h3 Bd5 30. Nc3 h6 31. Ne2 Ra2 32. Qd1 Qb4 33. Nc3 Ra3 34. Qc2 Kh7 35. Nf1 Rb3 36. Ng3 Rb2 37. Qd1 Be6 38. Nge2 Bb3 39. Qe1 Bc4 40. Ng3 Kg6 41. Qd1 Bb3 42. Qe1 Bc4 43. Nf1 Bd3 44. Ng3 Nd5 45. Nxd5 Qxe1+ 46. Rxe1 cxd5 47. Rc1 Bc4 48. Ra1 Kg5 49. Nf1 g6 50. g3 h5 51. h4+ Kg4 52. Nh2+ Kh3 53. Nf1 Bxf1 54. Kxf1 Kh2 55. Rc1 Ra2 56. Rd1 Rb2 57. Rc1 Ra2 58. Rd1 Rb2 59. Ra1 Rc2 60. Rb1 Ra2 61. Rb6 Ra1+ 62. Ke2 Kg2 63. Rxg6 Ra2+ 64. Ke1 Rxf2 65. Rg5 Rf3 66. Kd2 Kf2 67. Rxh5 Kxg3 68. Rh6 f4 69. exf4 Rxf4 70. Rh5 Kf2 71. Rxd5 e3+ 72. Kd3 e2 73. Re5 Rxh4 74. Rxe2+ Kf3 75. Re3+ Kf2 76. Re7 Rh1 77. d5 Kf3 78. Kd4 Kf4 79. Kc5 Kf5 80. Re2 Kf6 81. d6 Rd1 82. Kc6 Rc1+ 83. Kd7 Kf7 84. Kd8 Rd1 85. d7 Rc1 86. Re4 Kf6 87. Re2 Rc3 88. Rf2+ Ke6 89. Ke8 1-0


[Site "https://www.chess.com"]

[Event "Titled Tuesday Blitz June 27 Early 2023"]
[White "Cherniaiev, Tykhon"]
[Black "Miszler, Levente"]
[WhiteFideId "14182360"]
[BlackFideId "763276"]
[WhiteElo "2692"]
[BlackElo "2486"]
[Result "1-0"]
[Round "11"]
[TimeControl "180+2"]
[Date "2023.06.27"]
[WhiteClock "0:00:27"]
[BlackClock "0:01:34"]
[Board "55"]

1. Nf3 Nf6 2. d4 c5 3. c4 cxd4 4. Nxd4 g6 5. g3 Bg7 6. Bg2 Nc6 7. O-O O-O 8. Nc3 Nxd4 9. Qxd4 d6 10. Qd1 a6 11. Be3 Qc7 12. Rc1 Rb8 13. a3 b6 14. Nd5 Nxd5 15. cxd5 Qd7 16. Qd2 b5 17. Qa5 b4 18. axb4 Bxb2 19. Rc2 Bf6 20. Rfc1 Qb5 21. Qxb5 axb5 22. Be4 Bb7 23. Rc7 Ba8 24. Kg2 e6 25. Bf3 Bxd5 26. Bxd5 exd5 27. Rd1 Rfc8 28. Rxc8+ Rxc8 29. Rxd5 Rc4 30. Rxb5 Bg7 31. Rb8+ 1-0


[Site "https://www.chess.com"]

[Event "Titled Tuesday Blitz June 27 Early 2023"]
[White "Ai, Evan"]
[Black "Mirzoev, Azer"]
[WhiteFideId "2094770"]
[BlackFideId "13400304"]
[WhiteElo "2444"]
[BlackElo "2677"]
[Result "0-1"]
[Round "11"]
[TimeControl "180+2"]
[Date "2023.06.27"]
[WhiteClock "0:00:04"]
[BlackClock "0:00:11"]
[Board "56"]

1. d4 d5 2. c4 e6 3. Nc3 c6 4. cxd5 exd5 5. Bf4 Bd6 6. Bxd6 Qxd6 7. Nf3 Nd7 8. e4 dxe4 9. Nxe4 Qe7 10. Qe2 Ngf6 11. Nd6+ Kf8 12. Qxe7+ Kxe7 13. Nxc8+ Raxc8 14. Bd3 Nb6 15. Kd2 Rhd8 16. Rhe1+ Kf8 17. Rac1 g6 18. b3 Nbd5 19. g3 Rc7 20. a3 h5 21. Kc2 Ng4 22. Re2 Kg7 23. h3 Ngf6 24. Rce1 Kf8 25. Ng5 Rcd7 26. Bc4 Kg7 27. Nf3 Nb6 28. a4 Rc7 29. Re7 Rdd7 30. Rxd7 Rxd7 31. Kc3 Nbd5+ 32. Kb2 a5 33. Ne5 Rd8 34. h4 Kf8 35. Nd3 Nb6 36. Kc3 Nfd5+ 37. Kb2 Nxc4+ 38. bxc4 Nb6 39. Nc5 Rxd4 40. Nxb7 Rxc4 41. Nxa5 Rc5 42. Nb7 Nxa4+ 43. Ka3 Rc4 44. Na5 Rg4 45. Nxc6 Nc5 46. Ne5 Rd4 47. Kb2 Rd2+ 48. Kc3 Rxf2 49. Re3 Kg7 50. Kd4 Ne6+ 51. Ke4 Rf1 52. Nd3 Nc7 53. Nf4 Ne8 54. Ke5 Nf6 55. Rc3 Re1+ 56. Kd4 Ne4 57. Rb3 Nd6 58. Nd3 Nf5+ 59. Kd5 Re3 60. Rb7 Rxd3+ 61. Ke4 Re3+ 62. Kf4 Rxg3 63. Rc7 Rg4+ 64. Kf3 Rxh4 65. Ke2 Rg4 66. Kf3 Rg3+ 67. Kf4 Rg4+ 68. Ke5 Rg1 69. Kf4 h4 70. Ke5 h3 71. Kf4 0-1


[Site "https://www.chess.com"]

[Event "Titled Tuesday Blitz June 27 Early 2023"]
[White "Liyanage, Ranindu Dilshan"]
[Black "Manukian, Artak"]
[WhiteFideId "9915834"]
[BlackFideId "13301373"]
[WhiteElo "2660"]
[BlackElo "2443"]
[Result "0-1"]
[Round "11"]
[TimeControl "180+2"]
[Date "2023.06.27"]
[WhiteClock "0:00:05"]
[BlackClock "0:00:03"]
[Board "57"]

1. c4 g6 2. Nc3 Bg7 3. d4 d6 4. e4 Nf6 5. Be2 O-O 6. Be3 e5 7. d5 a5 8. h4 h5 9. Qc2 Na6 10. f3 c6 11. Nh3 cxd5 12. cxd5 Nh7 13. Ng5 Nxg5 14. hxg5 Bd7 15. g4 hxg4 16. fxg4 b5 17. Bf3 b4 18. Qh2 Re8 19. Ne2 Nc5 20. Ng3 Nd3+ 21. Kd2 Nxb2 22. Qh7+ Kf8 23. Nf5 gxf5 24. gxf5 Nc4+ 25. Ke2 Nxe3 26. Rag1 Bb5+ 27. Kf2 Qb6 28. Kg3 f6 29. gxf6 Bxf6 30. Rh6 Nxf5+ 31. Kh3 Nxh6 32. Rg6 Nf7 33. Rxf6 Bf1+ 34. Kh2 Qf2+ 35. Kh1 Bg2+ 36. Kh2 Bxf3+ 37. Kh3 Qg2+ 38. Kh4 Qg4# 0-1


[Site "https://www.chess.com"]

[Event "Titled Tuesday Blitz June 27 Early 2023"]
[White "Hoffmann, Asa"]
[Black "Karttunen, Mika"]
[WhiteFideId "2001470"]
[BlackFideId "502081"]
[WhiteElo "2426"]
[BlackElo "2649"]
[Result "0-1"]
[Round "11"]
[TimeControl "180+2"]
[Date "2023.06.27"]
[WhiteClock "0:01:10"]
[BlackClock "0:00:29"]
[Board "58"]

1. d4 Nf6 2. Bg5 e6 3. Nd2 d5 4. e3 Nbd7 5. f4 h6 6. Bh4 Be7 7. Bd3 b6 8. Ngf3 Bb7 9. O-O Ne4 10. Bxe7 Qxe7 11. Bxe4 dxe4 12. Ne5 Nxe5 13. fxe5 O-O-O 14. Qg4 f5 15. exf6 gxf6 16. Rf2 Kb8 17. Qf4 e5 18. Qxf6 Qxf6 19. Rxf6 exd4 20. exd4 Rxd4 21. Nb3 Rd7 22. Re1 a5 23. c3 Rg7 24. g3 h5 25. Re3 h4 26. Kg2 hxg3 27. hxg3 Rgh7 28. g4 Rh2+ 29. Kg3 Rxb2 30. g5 Rxa2 31. g6 Rg8 32. Nd4 Ra1 33. Kf4 Rf1+ 34. Ke5 Rg1 35. Kf5 Bc8+ 36. Kxe4 R1xg6 37. Rxg6 Rxg6 38. Nc6+ Rxc6 0-1


[Site "https://www.chess.com"]

[Event "Titled Tuesday Blitz June 27 Early 2023"]
[White "Florescu, Codrut-Constantin"]
[Black "Philippe, Guillaume"]
[WhiteFideId "1202200"]
[BlackFideId "36048763"]
[WhiteElo "2647"]
[BlackElo "2336"]
[Result "0-1"]
[Round "11"]
[TimeControl "180+2"]
[Date "2023.06.27"]
[WhiteClock "0:00:15"]
[BlackClock "0:00:05"]
[Board "59"]

1. e4 c5 2. Nf3 Nc6 3. Bb5 e6 4. Bxc6 bxc6 5. O-O Ne7 6. d3 Ng6 7. e5 d5 8. exd6 Bxd6 9. Nbd2 e5 10. Nc4 O-O 11. Nxd6 Qxd6 12. Nd2 f5 13. Nc4 Qd5 14. Re1 f4 15. f3 Ba6 16. Re4 Rad8 17. Qe2 Rf5 18. b3 Rg5 19. g4 h5 20. h3 hxg4 21. hxg4 Kf7 22. Bb2 Rh8 23. Nxe5+ Nxe5 24. Rxe5 Rxg4+ 25. Kf2 Rh2+ 26. Kf1 Rh1+ 27. Kf2 Rh2+ 28. Kf1 Rxe2 29. Rxd5 Rgg2 30. Rxc5 Rxc2 31. Rxc2 Rxc2 32. Bd4 Bxd3+ 33. Kg1 c5 34. Bf2 g5 35. Rd1 Be2 36. Rd5 Bxf3 37. Rxc5 Rxa2 38. Bd4 Kg6 39. Rc7 g4 40. Rc3 Rd2 41. Be5 Kf5 42. Bb8 a6 43. Rc4 Rd1+ 44. Kf2 Rd2+ 45. Ke1 Re2+ 46. Kf1 Re4 47. Rc5+ Kg6 48. Rc4 Rxc4 49. bxc4 Kf5 50. c5 Bc6 51. Bc7 g3 52. Ke2 Kg4 53. Be5 f3+ 54. Ke3 f2 55. Ke2 Bb5+ 0-1


[Site "https://www.chess.com"]

[Event "Titled Tuesday Blitz June 27 Early 2023"]
[White "arenal72"]
[Black "Pap, Gyula"]
[BlackFideId "725323"]
[WhiteElo "2391"]
[BlackElo "2898"]
[Result "1-0"]
[Round "11"]
[TimeControl "180+2"]
[Date "2023.06.27"]
[WhiteClock "0:00:32"]
[BlackClock "0:01:53"]
[Board "60"]

1. e4 b6 2. d4 Bb7 3. Bd3 e6 4. Qe2 g6 5. Nf3 Bg7 6. h4 h6 7. c3 d6 8. Bf4 Nd7 9. Nbd2 Ne7 10. Nf1 a6 11. Ne3 Kf8 12. g4 b5 13. a4 e5 14. Bg3 c6 15. h5 Bf6 16. hxg6 fxg6 17. Bh4 Kg7 18. Bxf6+ Nxf6 19. dxe5 dxe5 20. Nxe5 Qc7 21. f4 c5 22. Rf1 c4 23. Bc2 Nxe4 24. Bxe4 Bxe4 25. N3xc4 Bb7 26. Ne3 b4 27. cxb4 Rhf8 28. Rd1 Rad8 29. Qc4 Rxd1+ 30. Kxd1 Qb6 31. Ke2 Bc8 32. Rc1 Be6 33. Qc7 Qxb4 34. Nd3 1-0


[Site "https://www.chess.com"]

[Event "Titled Tuesday Blitz June 27 Early 2023"]
[White "Bryakin, Mikhail"]
[Black "Chor, Kevin"]
[WhiteFideId "4165314"]
[BlackFideId "2090740"]
[WhiteElo "2741"]
[BlackElo "2536"]
[Result "1-0"]
[Round "11"]
[TimeControl "180+2"]
[Date "2023.06.27"]
[WhiteClock "0:01:33"]
[BlackClock "0:00:25"]
[Board "61"]

1. c4 c5 2. Nf3 Nc6 3. Nc3 g6 4. d4 cxd4 5. Nxd4 Bg7 6. Nb3 Nf6 7. g3 O-O 8. Bg2 d6 9. O-O Be6 10. c5 Bxb3 11. Qxb3 Na5 12. Qb4 dxc5 13. Qxc5 b6 14. Qb5 Rc8 15. Rd1 Qe8 16. Qa6 e5 17. Qxa7 Qe6 18. Bg5 Nc4 19. b3 Nb2 20. Rdc1 Ng4 21. Nd5 Rxc1+ 22. Rxc1 Kh8 23. Qxb6 Qf5 24. Be7 Re8 25. h3 Nh6 26. Qc6 Rg8 27. Bf6 Rf8 28. Bxg7+ Kxg7 29. Qc3 1-0


[Site "https://www.chess.com"]

[Event "Titled Tuesday Blitz June 27 Early 2023"]
[White "Zhu, Jiner"]
[Black "Gamayev, Oleg"]
[WhiteFideId "8608059"]
[BlackFideId "2802813"]
[WhiteElo "2685"]
[BlackElo "2508"]
[Result "0-1"]
[Round "11"]
[TimeControl "180+2"]
[Date "2023.06.27"]
[WhiteClock "0:02:00"]
[BlackClock "0:02:26"]
[Board "62"]

1. h3 d6 2. g3 Nf6 3. Bg2 e5 4. b3 c6 5. Bb2 a5 6. a4 Be7 7. e4 O-O 8. d3 h6 9. Nd2 Nbd7 10. Ne2 Qc7 11. O-O Re8 12. f4 b5 13. f5 Nc5 14. g4 bxa4 15. bxa4 Qb6 16. Nc4 Qa7 17. Kh1 Ba6 18. Bc1 Bxc4 19. dxc4 Ncxe4 20. Qe1 d5 21. cxd5 cxd5 22. Ng3 Bb4 23. Nxe4 Bxe1 24. Nxf6+ gxf6 25. Rxe1 Rac8 26. Bxh6 Rxc2 27. Be3 d4 28. Bg1 Rxg2 29. Kxg2 Rc8 30. Rad1 Qb7+ 31. Kg3 Rc3+ 32. Kh2 Qf3 0-1


[Site "https://www.chess.com"]

[Event "Titled Tuesday Blitz June 27 Early 2023"]
[White "Ritvin, Stanislav"]
[Black "Arhan_Anand"]
[WhiteFideId "2011751"]
[WhiteElo "2509"]
[BlackElo "2678"]
[Result "1-0"]
[Round "11"]
[TimeControl "180+2"]
[Date "2023.06.27"]
[WhiteClock "0:00:21"]
[BlackClock "0:00:22"]
[Board "63"]

1. e4 b6 2. d4 Bb7 3. Bd3 Nf6 4. Nd2 e6 5. Ne2 c5 6. c3 Be7 7. O-O d6 8. f4 Nc6 9. a3 Qc7 10. b4 cxd4 11. cxd4 Nxd4 12. Nxd4 Qc3 13. Bb5+ Kf8 14. N2b3 Nxe4 15. Qe2 Qc7 16. Bb2 d5 17. Rac1 Qd6 18. Bd3 Nf6 19. Nb5 Qd8 20. Be5 Nd7 21. f5 Nxe5 22. Qxe5 Bf6 23. Qd6+ Kg8 24. fxe6 fxe6 25. Qxe6+ Kf8 26. Qd6+ Kg8 27. Rc7 Bc8 28. Rfc1 Bg4 29. h3 Qxd6 30. Nxd6 Be6 31. Re1 Bd8 32. Rb7 Bf6 33. Rxe6 h5 34. Re8+ Rxe8 35. Nxe8 Bb2 36. Rxa7 Rh6 37. Nc7 Rc6 38. Nxd5 Rd6 39. Ne7+ Kf8 40. Ng6+ Ke8 41. Re7+ Kd8 42. Re3 Bxa3 43. b5 Bb2 44. Kf1 Rf6+ 45. Ke2 Rd6 46. Ne5 Kc7 47. Nc4 Bd4 48. Nxd6 Bxe3 49. Kxe3 Kxd6 50. Kd4 Ke6 51. Nd2 g5 52. Nc4 g4 53. Nxb6 1-0


[Site "https://www.chess.com"]

[Event "Titled Tuesday Blitz June 27 Early 2023"]
[White "Morgunov, Anatoly"]
[Black "Sahib Singh"]
[WhiteFideId "4145909"]
[BlackFideId "25618342"]
[WhiteElo "2477"]
[BlackElo "2641"]
[Result "1/2-1/2"]
[Round "11"]
[TimeControl "180+2"]
[Date "2023.06.27"]
[WhiteClock "0:00:54"]
[BlackClock "0:01:14"]
[Board "64"]

1. d4 Nf6 2. c4 e6 3. g3 d5 4. Bg2 dxc4 5. Nf3 c5 6. O-O Nc6 7. Qa4 Bd7 8. Qxc4 cxd4 9. Nxd4 Rc8 10. Nc3 a6 11. Rd1 Nxd4 12. Qxd4 Bc5 13. Qh4 O-O 14. Bg5 Rc7 15. Ne4 Be7 16. Bxf6 Bxf6 17. Nxf6+ Qxf6 18. Qxf6 gxf6 19. Rd2 Rfc8 20. Bf3 f5 21. Rad1 Bc6 22. Rd8+ Rxd8 23. Rxd8+ Kg7 24. Bxc6 Rxc6 25. Rd7 b5 26. Ra7 Rc2 27. Kf1 Rxb2 28. Rxa6 b4 29. e3 Kf6 30. Ra5 h5 31. h4 Rb1+ 32. Kg2 Rb2 33. a4 Ra2 34. Kf3 Ra3 35. Ke2 Ra2+ 36. Kf3 Ra3 37. Ke2 Ra2+ 38. Kf3 1/2-1/2


[Site "https://www.chess.com"]

[Event "Titled Tuesday Blitz June 27 Early 2023"]
[White "Ashraf, Artin"]
[Black "Sanhueza, Cristian"]
[WhiteFideId "22514805"]
[BlackFideId "116815"]
[WhiteElo "2640"]
[BlackElo "2480"]
[Result "1-0"]
[Round "11"]
[TimeControl "180+2"]
[Date "2023.06.27"]
[WhiteClock "0:00:05"]
[BlackClock "0:01:02"]
[Board "65"]

1. e4 e5 2. Nf3 Nc6 3. Bb5 a6 4. Ba4 Nf6 5. d3 d6 6. O-O Be7 7. c3 O-O 8. h3 Nd7 9. Bc2 f5 10. exf5 Nf6 11. Bb3+ d5 12. Re1 Bd6 13. Bg5 Kh8 14. Bxd5 Bxf5 15. Be4 Bd7 16. Nbd2 h6 17. Bh4 g5 18. Bg3 Nxe4 19. Nxe4 Qe7 20. d4 Qg7 21. dxe5 Nxe5 22. Nxe5 Bxe5 23. Bxe5 Qxe5 24. Qxd7 Rad8 25. Qg4 Rf4 26. Qe2 Re8 27. Ng3 Qxe2 28. Rxe2 Rd8 29. Re6 Rd2 30. Rae1 Rfxf2 31. Re8+ Kg7 32. R1e7+ Kg6 33. Re6+ Kf7 34. R6e7+ Kg6 35. Re2 Rfxe2 36. Rxe2 Rd1+ 37. Kf2 h5 38. Nf1 Rb1 39. a3 Kf6 40. Nd2 Rc1 41. Ne4+ Kg6 42. Nc5 b6 43. Nxa6 c5 44. Nc7 g4 45. hxg4 hxg4 46. Nd5 b5 47. Nc7 Kf5 48. Nxb5 Kf4 49. g3+ Kf5 50. Nd6+ Kf6 51. Ne4+ Kf5 52. Nxc5 Kf6 53. Nb3 Rb1 54. Nd2 Rh1 55. Nf1 Rh8 56. Ne3 Kg5 57. Ng2 Rh2 58. a4 Rh1 59. a5 Ra1 60. b4 Kf5 61. c4 Ra3 62. Ne3+ Kg5 63. c5 Rb3 64. Nd5 Rf3+ 65. Kg2 Rd3 66. Re5+ Kh6 67. Nf4 Rd2+ 68. Re2 Rd4 69. c6 Rc4 70. b5 Rb4 71. c7 Kg5 72. b6 Rxf4 73. gxf4+ Kh4 74. c8=Q g3 75. Qh3# 1-0


[Site "https://www.chess.com"]

[Event "Titled Tuesday Blitz June 27 Early 2023"]
[White "Khoroshev, Nikita"]
[Black "Reprintsev, Alexander"]
[WhiteFideId "14200287"]
[BlackFideId "14100541"]
[WhiteElo "2639"]
[BlackElo "2476"]
[Result "1-0"]
[Round "11"]
[TimeControl "180+2"]
[Date "2023.06.27"]
[WhiteClock "0:00:55"]
[BlackClock "0:00:15"]
[Board "66"]

1. Nf3 d5 2. g3 Nc6 3. d4 Bf5 4. Bg2 Nb4 5. Na3 e6 6. O-O h6 7. c3 Nc6 8. Nc2 Nf6 9. Nd2 Be7 10. f3 Bh7 11. e4 e5 12. dxe5 Nxe5 13. f4 Nd3 14. e5 Bc5+ 15. Nd4 Ne4 16. Nb3 Nxc1 17. Nxc5 Nxc5 18. Rxc1 Be4 19. Qg4 Qd7 20. Qxd7+ Kxd7 21. Rcd1 Bxg2 22. Kxg2 c6 23. c4 Rad8 24. cxd5 cxd5 25. Nf5 g6 26. Rxd5+ Ke6 27. Rxd8 Rxd8 28. Nxh6 Rd2+ 29. Rf2 Rxf2+ 30. Kxf2 Nd3+ 31. Ke3 Nxb2 32. Kd4 b5 33. g4 a5 34. f5+ Ke7 35. h4 Nc4 36. h5 gxh5 37. gxh5 Nd2 38. Ng4 Nf3+ 39. Kc5 b4 40. h6 Kf8 41. f6 Kg8 42. Kb5 Nd4+ 43. Kxa5 b3 44. axb3 Nxb3+ 45. Kb4 Nd4 46. Kc4 Ne6 47. Kd5 Kh7 48. Kd6 Kg6 49. Ke7 Ng5 50. Kf8 Kh5 51. Kg7 Kxg4 52. h7 Nxh7 53. Kxh7 Kf5 54. Kg7 Ke6 55. Kf8 1-0


[Site "https://www.chess.com"]

[Event "Titled Tuesday Blitz June 27 Early 2023"]
[White "Al-Tarboush, Ward"]
[Black "Herzog2012"]
[WhiteFideId "7601450"]
[WhiteElo "2616"]
[BlackElo "2474"]
[Result "0-1"]
[Round "11"]
[TimeControl "180+2"]
[Date "2023.06.27"]
[WhiteClock "0:00:00"]
[BlackClock "0:00:04"]
[Board "67"]

1. e4 c5 2. Nf3 Nc6 3. d4 cxd4 4. Nxd4 Nf6 5. Nc3 d6 6. Bg5 e6 7. Qd2 Be7 8. O-O-O O-O 9. Ndb5 Qa5 10. f4 Rd8 11. Kb1 a6 12. Nd4 Nxd4 13. Qxd4 h6 14. Bh4 b5 15. a3 Rb8 16. Qb4 Qxb4 17. axb4 Bb7 18. Bd3 Kf8 19. Rhg1 d5 20. e5 Nd7 21. Bxe7+ Kxe7 22. g4 g5 23. Rde1 gxf4 24. Rgf1 Rg8 25. Rxf4 Rg5 26. Ne2 Rxe5 27. Ref1 Rf8 28. Nd4 Re3 29. h4 Ne5 30. Bf5 Nc6 31. Nxc6+ Bxc6 32. Bg6 Be8 33. h5 Re5 34. Bd3 Rg5 35. Rf6 Rh8 36. R6f4 Rf8 37. b3 f6 38. Re1 e5 39. Bf5 Kd6 40. Rf3 Bd7 41. Bxd7 Kxd7 42. Rd3 Ke6 43. Red1 d4 44. c3 Rxg4 45. cxd4 Rxd4 46. Rxd4 exd4 47. Rxd4 f5 48. Kc2 f4 49. Kd2 Kf5 50. Rd6 Rf6 51. Rd5+ Kg4 52. Ke2 Re6+ 53. Kf2 Rc6 54. Rc5 Rd6 55. Re5 Rd2+ 56. Kf1 Rb2 57. Re6 Kxh5 58. Rxa6 Rxb3 59. Rf6 Rxb4 60. Kf2 Kg5 61. Rf8 h5 62. Rg8+ Kf5 63. Rf8+ Ke4 64. Re8+ Kd4 65. Rh8 Kc3 66. Rxh5 Kb3 67. Rc5 Ka4 68. Rc8 Rc4 69. Ra8+ Kb3 70. Kf3 b4 71. Ra7 Kb2 72. Ke2 b3 73. Kd3 Rc8 74. Rd7 Kb1 75. Rd6 b2 76. Rh6 Ka2 77. Ra6+ Kb1 78. Rh6 Ra8 79. Rh4 Ka2 80. Rh2 Ka1 81. Kc4 b1=Q 0-1


[Site "https://www.chess.com"]

[Event "Titled Tuesday Blitz June 27 Early 2023"]
[White "LangesNasenhaar"]
[Black "infinitypoint"]
[WhiteElo "2462"]
[BlackElo "2604"]
[Result "1-0"]
[Round "11"]
[TimeControl "180+2"]
[Date "2023.06.27"]
[WhiteClock "0:00:06"]
[BlackClock "0:00:00"]
[Board "68"]

1. d4 Nf6 2. Nc3 d5 3. Bf4 c5 4. e4 cxd4 5. Qxd4 Nc6 6. Bb5 Bd7 7. Bxc6 Bxc6 8. e5 Nd7 9. e6 fxe6 10. Nf3 Qb6 11. Be5 Qxd4 12. Bxd4 Rg8 13. O-O g6 14. Rfe1 Bg7 15. Rxe6 Bxd4 16. Nxd4 Nf8 17. Re3 Kd7 18. Rae1 Re8 19. f4 Rg7 20. Re5 e6 21. b4 a6 22. a4 Kd6 23. b5 axb5 24. axb5 Bd7 25. Nxd5 Rc8 26. Nb6 Rc3 27. g3 Re7 28. Kf2 h5 29. Ke2 Nh7 30. Kd2 Rc7 31. Kd3 Nf8 32. Nc4+ Rxc4 33. Kxc4 Re8 34. Kb4 Rc8 35. c4 Ke7 36. f5 gxf5 37. Nxf5+ Kf6 38. Nd6 Ra8 39. Rxh5 Ra2 40. c5 Ng6 41. Ne4+ Kg7 42. Nc3 Rb2+ 43. Kc4 Kf6 44. h4 Ne7 45. Rhe5 Nf5 46. R5e2 Rxe2 47. Rxe2 Nxg3 48. Rd2 Ke7 49. Rg2 Nf5 50. Rh2 Ne3+ 51. Kd3 Ng4 52. Rg2 Nh6 53. h5 Be8 54. Rg7+ Kf6 55. Rxb7 Bxh5 56. b6 Nf5 57. Rb8 Bg6 58. b7 Ne7+ 59. Kc4 Nc6 60. Rc8 Na5+ 61. Kb5 Nxb7 62. Kb6 Nxc5 63. Rxc5 Bd3 64. Kc7 Ke7 65. Rh5 Bg6 66. Re5 Kf6 67. Re3 e5 68. Kd6 1-0


[Site "https://www.chess.com"]

[Event "Titled Tuesday Blitz June 27 Early 2023"]
[White "robertoalejandro10"]
[Black "TomLiu777"]
[WhiteElo "2592"]
[BlackElo "2438"]
[Result "1-0"]
[Round "11"]
[TimeControl "180+2"]
[Date "2023.06.27"]
[WhiteClock "0:00:02"]
[BlackClock "0:00:06"]
[Board "69"]

1. Nf3 c5 2. c4 Nf6 3. g3 g6 4. Bg2 Bg7 5. O-O O-O 6. Nc3 Nc6 7. b3 d5 8. cxd5 Nxd5 9. Bb2 Nxc3 10. Bxc3 Bxc3 11. dxc3 Bg4 12. h3 Bf5 13. Nh4 Be6 14. Qc1 Qc8 15. Qh6 Qc7 16. Nf3 f6 17. Qe3 Ne5 18. Nxe5 fxe5 19. Rad1 Rad8 20. h4 b6 21. h5 Kg7 22. h6+ Kg8 23. c4 Rd4 24. Rxd4 cxd4 25. Qe4 Bf5 26. Qd5+ e6 27. Qb5 Rd8 28. Rc1 Qd7 29. Qxe5 Qf7 30. Rd1 Qf8 31. Rxd4 Rxd4 32. Qxd4 Qxh6 33. Qd8+ Kf7 34. Qc7+ Kg8 35. Qb8+ Kf7 36. Qxa7+ Kf6 37. Qa3 Qd2 38. Qf8+ Kg5 39. Qe7+ Kh6 40. Qh4+ Kg7 41. Bf3 g5 42. Qh5 Bg6 43. Qh2 Qxa2 44. g4 Qxb3 45. Qe5+ Kh6 46. Qh2+ Kg7 47. Qe5+ Kf7 48. Qc7+ Kf6 49. Qd8+ Kg7 50. Qe7+ Kg8 51. Qxe6+ Kg7 52. Qe7+ Bf7 53. Bd5 Qb1+ 54. Kg2 Qg6 55. Qxf7+ Qxf7 56. Bxf7 Kxf7 57. Kf3 h5 58. gxh5 Kf6 59. Kg4 b5 60. cxb5 Ke5 61. b6 Kd5 62. b7 Kd6 63. b8=Q+ Ke6 64. Qe8+ Kd5 65. Qe3 Kd6 66. Kxg5 Kd5 67. Kf5 Kd6 68. Qd4+ Kc6 69. Ke6 Kc7 70. Qc5+ Kb7 71. Qb5+ Kc7 72. Qc5+ Kb7 73. Kd7 Kb8 74. Qb4+ Ka7 1-0


[Site "https://www.chess.com"]

[Event "Titled Tuesday Blitz June 27 Early 2023"]
[White "Koepke, Christian"]
[Black "Ganiev, Roman"]
[WhiteFideId "4655737"]
[BlackFideId "4131452"]
[WhiteElo "2439"]
[BlackElo "2591"]
[Result "1/2-1/2"]
[Round "11"]
[TimeControl "180+2"]
[Date "2023.06.27"]
[WhiteClock "0:00:16"]
[BlackClock "0:00:07"]
[Board "70"]

1. e4 c5 2. Nc3 d6 3. g3 g6 4. Bg2 Bg7 5. d3 Nc6 6. Nh3 e6 7. O-O Nge7 8. Be3 O-O 9. Qd2 Rb8 10. a3 b5 11. Rab1 a6 12. Bh6 Bb7 13. Bxg7 Kxg7 14. f4 Nd4 15. Nd1 h6 16. Ne3 f5 17. c3 Ndc6 18. Nf2 Qb6 19. b4 cxb4 20. axb4 Rbc8 21. d4 Nb8 22. d5 exd5 23. exd5 Nd7 24. Rbc1 Nf6 25. c4 Rfe8 26. Rfe1 Neg8 27. Kh1 Re7 28. c5 dxc5 29. d6 Rd7 30. bxc5 Rxc5 31. Rxc5 Qxc5 32. Bxb7 Rxb7 33. Rc1 Qb6 34. g4 Rd7 35. Rd1 Qc6+ 36. Kg1 a5 37. g5 hxg5 38. fxg5 Ne4 39. Qd4+ Kf7 40. Nxe4 Qxe4 41. Qxe4 fxe4 42. Ng4 Ke6 43. Rd4 Rxd6 44. Rxe4+ Kf5 45. Nf2 Rd1+ 46. Kg2 Rd2 47. Re8 Kxg5 48. Rxg8 b4 49. Rb8 Rb2 50. Kf3 b3 51. Ne4+ Kh6 52. Nc5 a4 53. Nxa4 Rc2 54. Rxb3 Rxh2 55. Ke4 Rh4+ 56. Kd5 Rxa4 57. Ke5 Ra5+ 58. Kf4 Rf5+ 59. Kg3 Rf8 60. Kg2 Kh5 61. Kg1 g5 62. Rb1 Kg4 63. Rc1 Kh4 64. Rb1 g4 65. Rc1 Kg3 66. Rb1 Rf3 67. Rc1 Re3 68. Rb1 Kf3 69. Rc1 g3 70. Rb1 Rd3 71. Rf1+ Kg4 72. Ra1 Rf3 73. Rb1 Kh3 74. Ra1 g2 75. Rb1 Kg3 76. Ra1 Re3 77. Rb1 Kf3 78. Ra1 Rd3 79. Rb1 Re3 80. Ra1 Re2 81. Rb1 Re3 1/2-1/2


[Site "https://www.chess.com"]

[Event "Titled Tuesday Blitz June 27 Early 2023"]
[White "Herman, Daniel"]
[Black "Ljukin, Sergei"]
[WhiteFideId "30935008"]
[BlackFideId "14102200"]
[WhiteElo "2436"]
[BlackElo "2557"]
[Result "1-0"]
[Round "11"]
[TimeControl "180+2"]
[Date "2023.06.27"]
[WhiteClock "0:00:02"]
[BlackClock "0:00:01"]
[Board "71"]

1. d4 d5 2. c4 c6 3. cxd5 cxd5 4. Bg5 f6 5. Bd2 Nc6 6. Nf3 Qb6 7. Nc3 e6 8. e4 dxe4 9. Nxe4 Nxd4 10. Bc4 Nxf3+ 11. Qxf3 Bb4 12. Qh5+ Kf8 13. O-O Bxd2 14. Nxd2 g6 15. Qf3 Kg7 16. Ne4 Bd7 17. Rfd1 Bc6 18. Qc3 Bxe4 19. Rd7+ Kf8 20. Qa3+ Ke8 21. Rad1 Rc8 22. Bb3 Qc6 23. Ba4 b5 24. Bb3 Bd5 25. Rg7 Bxb3 26. axb3 Qc5 27. Qa6 Ne7 28. Qxe6 Qc7 29. Qf7# 1-0


[Site "https://www.chess.com"]

[Event "Titled Tuesday Blitz June 27 Early 2023"]
[White "Mrudul Dehankar"]
[Black "Degenbaev, Aziz"]
[WhiteFideId "25096990"]
[BlackFideId "13802640"]
[WhiteElo "2436"]
[BlackElo "2554"]
[Result "1-0"]
[Round "11"]
[TimeControl "180+2"]
[Date "2023.06.27"]
[WhiteClock "0:00:36"]
[BlackClock "0:00:00"]
[Board "72"]

1. e4 c5 2. Nf3 d6 3. d4 cxd4 4. Nxd4 Nf6 5. Nc3 Nc6 6. Bg5 Bd7 7. Qd2 Rc8 8. O-O-O Nxd4 9. Qxd4 Qa5 10. f4 Qc5 11. Qd2 b5 12. Bd3 b4 13. Ne2 Ng4 14. Bh4 g5 15. h3 gxh4 16. hxg4 Bg7 17. Rxh4 Qf2 18. Rdh1 h6 19. g5 a5 20. g4 Qg2 21. gxh6 Bf8 22. g5 a4 23. R4h2 Qf3 24. Nd4 Qg4 25. Rg2 b3 26. Kb1 bxa2+ 27. Ka1 Qxg5 28. fxg5 e5 29. Nf5 d5 30. exd5 a3 31. b3 Bc5 32. Re1 Kd8 33. g6 fxg6 34. d6 gxf5 35. Qg5+ 1-0


[Site "https://www.chess.com"]